 Dungeon Crawl Stone Soup version 0.24.0-10-g970556be89 (console) character file.

Game seed: 11108144595598628966, levelgen mode: deterministic

37 AlterAsc the Ogre Mage (level 3, 2/33 HPs)
             Began as an Ogre Transmuter on Nov 4, 2019.
             Quit the game on level 2 of the Dungeon.
             The game lasted 00:03:44 (1378 turns).

AlterAsc the Ogre Mage (Ogre Transmuter)            Turns: 1378, Time: 00:03:44

Health: 2/33       AC:  3    Str: 14 (15) XL:     3   Next: 41%
Magic:  7/7        EV:  9    Int: 11 (14) God:
Gold:   111        SH:  0    Dex:  6 (9)  Spells: 7/8 levels left

rFire    . . .     SeeInvis .     - Unarmed
rCold    . . .     Gourm    .   (no shield)
rNeg     + . .     Faith    .   b - +0 robe
rPois    .         Spirit   .   (helmet restricted)
rElec    .         Reflect  .   (no cloak)
rCorr    .         Harm     .   (gloves unavailable)
MR       .....                  (boots unavailable)
Stlth    +.........             (no amulet)
HPRegen  0.11/turn              e - ring of positive energy
MPRegen  0.10/turn              (no ring)

@: lethally poisoned (2 -> -1)
A: large, unfitting armour, tough skin 1
a: no special abilities


You were on level 2 of the Dungeon.
You were hungry.

You visited 1 branch of the dungeon, and saw 2 of its levels.

You collected 111 gold pieces.

Inventory:

Missiles
 a - 12 arrows
Armour
 b - a +0 robe (worn)
Jewellery
 e - a ring of positive energy (left hand)
Scrolls
 c - 2 scrolls of teleportation {unknown}
 f - a scroll of remove curse {unknown}
 g - a scroll of fear {unknown}
 h - a scroll of noise {unknown}
 i - a scroll of amnesia {unknown}
 k - a scroll of blinking {unknown}
 m - a scroll of identify {unknown}
 n - a scroll of fog {unknown}
Comestibles
 d - 3 rations


   Skills:
 - Level 1.3 Fighting
 - Level 1.7 Dodging
 - Level 2.6 Unarmed Combat
 + Level 3.1 Spellcasting
 * Level 3.0 Transmutations


You had 7 spell levels left.
You knew the following spells:

 Your Spells              Type           Power        Failure   Level  Hunger
a - Beastly Appendage     Tmut           #.....       8%          1    #......

Your spell library contained the following spells:

 Spells                   Type           Power        Failure   Level  Hunger
 Sticks to Snakes         Tmut           #.......     12%         2    ###....
 Spider Form              Tmut/Pois      #.........   38%         3    ###....
 Ice Form                 Ice/Tmut       #.......     80%         4    #####..
 Blade Hands              Tmut           #.........   91%         5    ######.


Dungeon Overview and Level Annotations

Branches:
Dungeon (2/15)

Altars:
Uskayaw


Innate Abilities, Weirdness & Mutations

You are too large for most types of armour.
You have tough skin. (AC +1)


Message History

The adder poisons you! The adder barely misses you.
You hit the adder.
The adder is almost dead.
* * * LOW HITPOINT WARNING * * *
You feel sick. The adder barely misses you.
You hit the adder.
You kill the adder!
Your Transmutations skill increases to level 3!
* * * LOW HITPOINT WARNING * * *
You feel sick.
You see here an adder corpse.
It was a potion of degeneration.
There was something very wrong with that liquid.
You feel weakened.
You feel dopey.
You feel clumsy.
* * * LOW HITPOINT WARNING * * *
You feel sick.
* * * LOW HITPOINT WARNING * * *
You feel sick.
Found a scroll labeled DEFFIA ZOMA.
Are you sure you want to abandon this character and quit the game? (Confirm with "yes".)

.............................
....#.....##.................
....#.....###................
## #.......#................
#######.#................
#>#................
#†.................
##.............##._
#>@..###.##........
............... ...##
#######........ .....
#.##.#### ##.## #.# ... #.#
###. ..# # #.# .?. #.. ###


There were no monsters in sight!

Vanquished Creatures
  An adder (D:2)
  A dart slug (D:1)
  6 bats
  3 goblins (D:2)
  3 hobgoblins
  3 jackals (D:2)
  A quokka (D:2)
  2 frilled lizards (D:2)
  3 kobolds
  2 rats (D:1)
25 creatures vanquished.

Notes
Turn   | Place    | Note
-------+----------+-------------------------------------------
     0 | D:1      | AlterAsc the Ogre Transmuter began the quest for the Orb.
     0 | D:1      | Reached XP level 1. HP: 19/19 MP: 3/3
   421 | D:1      | Reached XP level 2. HP: 17/27 MP: 3/5
   807 | D:2      | Found a hide-covered altar of Uskayaw.
   982 | D:2      | Reached XP level 3. HP: 18/33 MP: 5/7
  1378 | D:2      | Quit the game

Levels and vault maps discovered:
D:1:      mrwooster_arrival_statue_2, layout_loops_corners, serial_rivers,
          chequers_serial_rivers_micro_a, chequers_serial_rivers_micro_c,
          chequers_serial_rivers_small_a, chequers_serial_rivers_room_b,
          chequers_serial_rivers_marsh
D:2:      layout_rooms, overflow_temple_1_default, serial_curves,
          eino_curves_03, eino_curves_04, first_ration

Skill      XL: |  1  2  3 |
---------------+----------+-----
Transmutations | 2 3 |  3.0
Spellcasting   | 3 |  3.1
Fighting       | |  1.3
Dodging        | |  1.7
Unarmed Combat | |  2.6

Action                   || total
-------------------------++-------
Melee: Unarmed           ||   100
       Headbutt          ||     5
       Kick              ||     1
 Cast: Beastly Appendage ||    12
  Use: Potion            ||     2
  Eat: Chunk             ||     1
Armor: Robe              ||    36
Dodge: Dodged            ||    82
